General information
			
			
        
        - name: grudge3
 
        - type: Custom game
 
        - host: Chopstix
 
        - saver: TIMG4STRok
 
        
map: TerenasStand 
        - players: 7
 
        - length: 07:06
 
        - speed: Fast
 - version: 1.22 W3XP
 - replay type:  

 
» download(25 KB)
Players
        team 1 (winner) 
              
              
TIMG4STRok (
gray | 110 APM | 779 actions | 07:06)
              
 2 Demon Hunter 
 1 Mana Burn
 1 Evasion
 1 Beastmaster 
 1 Summon Quilbeast
 
                » actions 
                
                | Assign group hotkey | 6 |  | 
| Basic commands | 26 |  | 
| Build / train | 25 |  | 
| ESC pressed | 1 |  | 
| Enter build submenu | 10 |  | 
| Enter hero's abilities submenu | 3 |  | 
| Right click | 425 |  | 
| Select / deselect | 97 |  | 
| Select group hotkey | 156 |  | 
| Use ability | 30 |  | 
                779 total
 » units 
                
                | Wisp | 14 |  | 
| Druid of the Talon | 2 |  | 
                16 total
 » buildings
                
                | Altar of Elders | 1 |  | 
| Moon Well | 5 |  | 
| Ancient of Wonders | 1 |  | 
| Tree of Ages | 1 |  | 
| Ancient of Wind | 3 |  | 
                11 total
 » build order
                00:03 Altar of Elders
00:17 Moon Well
00:19 Moon Well
01:22 Ancient of Wonders
01:57 Moon Well
02:27 Tree of Ages
02:58 Moon Well
04:49 Ancient of Wind
04:49 Ancient of Wind
04:50 Ancient of Wind
05:31 Moon Well
» items
                
                | Staff of Preservation | 1 |  | 
| Potion of Healing | 1 |  | 
                2 total
  
               team 2 (loser) 
              
              
Rezifut (
red | 99 APM | 700 actions | 07:05)
              
 1 Far Seer 
 1 Feral Spirit
 1 Firelord 
 1 Summon Lava Spawn
 
                » actions 
                
                | Assign group hotkey | 34 |  | 
| Basic commands | 4 |  | 
| Build / train | 22 |  | 
| Enter build submenu | 12 |  | 
| Enter hero's abilities submenu | 2 |  | 
| Remove unit from queue | 4 |  | 
| Right click | 427 |  | 
| Select / deselect | 117 |  | 
| Select group hotkey | 57 |  | 
| Use ability | 21 |  | 
                700 total
 » units 
                » buildings
                
                | Altar of Storms | 1 |  | 
| Orc Burrow | 3 |  | 
| Stronghold | 1 |  | 
| Barracks | 1 |  | 
| War Mill | 1 |  | 
| Voodoo Lounge | 2 |  | 
| Watch Tower | 4 |  | 
                13 total
 » build order
                00:05 Altar of Storms
00:14 Orc Burrow
02:03 Stronghold
02:34 Barracks
03:02 War Mill
03:08 Orc Burrow
03:34 Voodoo Lounge
04:13 Voodoo Lounge
05:33 Orc Burrow
06:35 Watch Tower
06:37 Watch Tower
06:44 Watch Tower
06:47 Watch Tower
 
               observersChopstix, 
KeKeZergRush, 
VELOX_NEB, 
KINgGOKUMaN69, 
YEAHSHESASSBATS Chat log
          (00:22 / All) Rezifut: gl hf
(00:24 / All) TIMG4STRok: gg
(00:25 / All) Rezifut: IM GOSU
(07:04 / All) Rezifut: gg